 Dungeon Crawl Stone Soup version 0.30-a0-451-ge042605de7 (webtiles) character file.

Game seed: 378023484937792857

105 gelatine the Stinger (level 4, -1/29 (30) HPs)
             Began as a Demonspawn Venom Mage on Dec 11, 2022.
             Slain by a gnoll
             ... wielding a +0 spear
              (5 damage)
             ... on level 3 of the Dungeon.
             The game lasted 00:03:54 (2181 turns).

gelatine the Stinger (Demonspawn Venom Mage)        Turns: 2181, Time: 00:03:55

HP:   -1/29 (30)    AC:  2    Str:  9    XL:     4   Next: 53%
MP:   1/8           EV: 12    Int: 18    God:
Gold: 97            SH:  5    Dex: 13    Spells: 7/8 levels left

rFire   . . .      SeeInvis .    n - +1 dagger (flame)
rCold   . . .      Faith    .    (no shield)
rNeg    . . .      Spirit   .    a - +0 robe
rPois   .          Reflect  +    (no helmet)
rElec   .          Harm     .    (no cloak)
rCorr   .          Rampage  .    (no gloves)
Will    .....                    (no boots)
Stlth   ++........               k - amulet of reflection
HPRegen 0.24/turn                (no ring)
MPRegen 0.11/turn                (no ring)

@: lightly drained
A: claws 1, foul stench 1
a: no special abilities


You were on level 3 of the Dungeon.
You visited 1 branch of the dungeon, and saw 3 of its levels.

You collected 97 gold pieces.

Inventory:

Hand Weapons
 c - a +0 short sword
 n - a +1 dagger of flaming (weapon)
Armour
 a - a +0 robe (worn)
Jewellery
 k - an amulet of reflection (around neck)
Scrolls
 d - a scroll of immolation {unknown}
 e - a scroll of blinking {unknown}
 f - 6 scrolls of identify {unknown}
 h - a scroll of brand weapon {unknown}
 j - 3 scrolls of amnesia {unknown}
 m - a scroll of teleportation {unknown}
Potions
 b - 2 potions of magic
 g - a potion of might {unknown}
 i - a potion of attraction {unknown}
 l - a potion of invisibility {unknown}


   Skills:
 + Level 0.2 Short Blades
 + Level 1.8 Dodging
 + Level 1.8 Stealth
 + Level 2.8 Spellcasting
 + Level 1.9 Transmutations
 + Level 4.2 Poison Magic


You had 7 spell levels left.
You knew the following spells:

 Your Spells              Type           Power      Damage    Failure   Level
a - Sting                 Tmut/Pois      52%        1d5       4%          1

Your spell library contained the following spells:

 Spells                   Type           Power      Damage    Failure   Level
 Beastly Appendage        Tmut           18%        N/A       8%          1
 Poisonous Vapours        Pois/Air       20%        N/A       11%         2
 Wereblood                Tmut           9%         N/A       12%         2
 Spider Form              Tmut/Pois      13%        N/A       14%         3
 Mephitic Cloud           Conj/Pois/Air  7%         N/A       28%         3
 Olgreb's Toxic Radiance  Pois           17%        N/A       28%         4


Dungeon Overview and Level Annotations

Branches:
Dungeon (3/15)

Altars:
Ashenzari


Innate Abilities, Weirdness & Mutations

You have sharp fingernails.
You may rarely emit foul miasma when damaged in melee.


Message History

A gnoll comes into view. It is wielding a +2 flail of draining.
The gnoll closely misses you.
You miscast Sting.
Nothing appears to happen.
The gnoll shouts!
You block the gnoll's attack.
The sting hits the gnoll but does no damage.
The gnoll looks even sicker.
The gnoll is severely wounded.
A gnoll comes into view. It is wielding a +0 spear.
The gnoll hits you from afar with a +0 spear.
The sting hits the gnoll.
The gnoll looks as sick as possible!
The gnoll is almost dead.
You kill the gnoll!
Your magical contamination has completely faded away.
The sting hits the gnoll.
The gnoll is poisoned.
The gnoll is moderately wounded.
The gnoll barely misses you.
The sting hits the gnoll.
The gnoll looks even sicker.
The gnoll is heavily wounded.
The gnoll hits you from afar with a +0 spear!
You are out of magic!
You are out of magic!
You are out of magic!
You block the gnoll's attack. The gnoll hits you with a +0 spear.
You hit the gnoll. You burn the gnoll.
You kill the gnoll!
The gnoll hits you from afar with a +0 spear.
You completely miss the gnoll. The gnoll barely misses you.
The gnoll hits you with a +2 flail of draining.
* * * LOW HITPOINT WARNING * * *
You feel drained.
* * * LOW HITPOINT WARNING * * *
You hit the gnoll but do no damage.
The gnoll hits you from afar with a +0 spear.
* * * LOW HITPOINT WARNING * * *
You block the gnoll's attack.
You hit the gnoll. You burn the gnoll.
The gnoll is moderately wounded.
The gnoll hits you from afar with a +0 spear.
You die...

#.#.#.#.#.#....#
#.# ####)#.###.#
#.# #.#.# #.# #.#
#.#.###.# #.#
#.#...#.# #.#
#####.###.#.###.#
..>.....#.#.....#
#.##.#.#.#######
#....#@#.# #.#
#.####g#.# #.#
+..g.g.#.# #.#
#g#......## #.#
#...!...........#
#.#
#...............##
#.#
####+#....###....#
..###
......#_#.(..#
{<..#
###....#'#....#


You could see 2 gnolls.

Vanquished Creatures
  An orc wizard (D:2)
  2 gnolls (D:3)
  2 adders
  A dart slug (D:2)
  5 orcs
  3 endoplasms
  A giant cockroach (D:3)
  3 goblins
  3 hobgoblins
  3 kobolds
  A quokka (D:1)
  6 ball pythons
  2 bats
  2 frilled lizards
35 creatures vanquished.

Vanquished Creatures (others)
  4 fungi (D:2)
  4 plants (D:2)
8 creatures vanquished.

Grand Total: 43 creatures vanquished

Notes
Turn   | Place    | Note
-------+----------+-------------------------------------------
     0 | D:1      | gelatine the Demonspawn Venom Mage began the quest for the
                  | Orb.
     0 | D:1      | Reached XP level 1. HP: 13/13 MP: 3/3
   861 | D:2      | Gained mutation: You may rarely emit foul miasma when
                  | damaged in melee. [demonic ancestry]
   861 | D:2      | Reached XP level 2. HP: 19/19 MP: 0/5
   982 | D:2      | Reached skill level 1 in Transmutations
  1450 | D:2      | Found a faded altar of an unknown god.
  1614 | D:3      | Gained mutation: You have sharp fingernails. [demonic
                  | ancestry]
  1614 | D:3      | Reached XP level 3. HP: 24/24 MP: 3/6
  1848 | D:3      | Found a broken altar of Ashenzari.
  2040 | D:2      | Reached skill level 4 in Poison Magic
  2040 | D:2      | Reached XP level 4. HP: 18/30 MP: 5/8
  2181 | D:3      | Slain by a gnoll

Illustrated notes

Levels and vault maps discovered:
D:1:      minmay_arrival_solitary_statue, layout_loops_ring
D:2:      layout_loops_ring, dreamdust_ecumenical_altar_grove
D:3:      layout_basic, ashenzari_conservatory_becter,
          minmay_misc_feat_nine_boxes, st_stairs_12, minmay_hedge_maze

Skill      XL: |  1  2  3 |
---------------+----------+-----
Transmutations | 1 |  1.9
Poison Magic   | 4 |  4.2
Short Blades   | |  0.2
Dodging        | |  1.8
Stealth        | |  1.8
Spellcasting   | |  2.8

Action                   |  1- 3 |  4- 6 || total
-------------------------+-------+-------++-------
Melee: Short sword       |     4 |       ||     4
       Dagger            |     9 |     5 ||    14
 Cast: Sting             |    56 |    10 ||    66
Armor: Robe              |     5 |       ||     5
Dodge: Dodged            |    15 |     5 ||    20
Block: Other             |     6 |     4 ||    10

Table legend: (Time is in decaauts)
 A = Elapsed time spent in this place.
 B = Non-inter-level travel time spent in this place.
 C = Inter-level travel time spent in this place.
 D = Time resting spent in this place.
 E = Time spent auto-exploring this place.
 F = Levels seen in this place.
 G = Mean time per level.
                   A        B        C        D        E       F      G
               +--------+--------+--------+--------+--------+-----+--------+
         Total |   2179 |   2116 |     63 |      0 |   1811 |   3 |  726.3 |
       Dungeon |   2179 |   2116 |     63 |      0 |   1811 |   3 |  726.3 |
               +--------+--------+--------+--------+--------+-----+--------+

Top non-repeatable levels by time:
     D:2: 955 daAuts
     D:1: 681 daAuts
     D:3: 541 daAuts
